BSA
SEATTLE PIKES @ SPRINGFIELD STARS
07/19/2030
 
TOP OF THE 1ST
Seattle Pikes batting - Pitching for Springfield Stars : RHP Rien Middelkamp
Pitching: RHP Rien Middelkamp
Batting: RHB Pete Rideout 0-0: Called Strike
0-1: Ball
1-1: Foul Ball, location: 2F
1-2: Strikes out looking
Batting: RHB Randy Sheppard 0-0: Swinging Strike
0-1: Ground out 5-3 (Groundball, 56S)
Batting: LHB Roberto Lozano 0-0: Ball
1-0: Swinging Strike
1-1: Fly out, F7 (Flyball, 78S)
Top of the 1st over - 0 runs, 0 hits, 0 errors, 0 left on base; Seattle 0 - Springfield 0
BOTTOM OF THE 1ST
Springfield Stars batting - Pitching for Seattle Pikes : RHP Orlando Cruz
Pitching: RHP Orlando Cruz
Batting: RHB Norberto Taváres 0-0: Foul Ball, location: 2F
0-1: Foul Ball, location: 2F
0-2: Foul Ball, location: 2F
0-2: Ball
1-2: Ground out 5-3 (Groundball, 56)
Batting: LHB Jesús Tobías 0-0: Foul Ball, location: 2F
0-1: Ball
1-1: Ball
2-1: DOUBLE (Line Drive, 8RD)
Batting: LHB Derek Davidson 0-0: Ball
1-0: Foul Ball, location: 2F
1-1: Foul Ball, location: 2F
1-2: Ball
2-2: Foul Ball, location: 2F
2-2: Ground out 4-3 (Groundball, 4)
Jesús Tobías to third
Batting: LHB Felipe Guerrero 0-0: Ball
1-0: Ball
2-0: Ball
3-0: Base on Balls
Batting: LHB Elliott Newell 0-0: Called Strike
Felipe Guerrero steals 2nd base
0-1: Ball
1-1: Ball
2-1: Foul Ball, location: 2F
2-2: Strikes out swinging
Bottom of the 1st over - 0 runs, 1 hit, 0 errors, 2 left on base; Seattle 0 - Springfield 0
TOP OF THE 2ND
Seattle Pikes batting - Pitching for Springfield Stars : RHP Rien Middelkamp
Batting: LHB John Clark 0-0: Ball
1-0: Ball
2-0: Ground out 4-3 (Groundball, 4)
Batting: SHB António Hernández 0-0: Ball
1-0: DOUBLE (Flyball, 89D)
Batting: RHB Murai Ishihara 0-0: Ball
1-0: Called Strike
1-1: Ball
2-1: Fly out, F8 (Flyball, 8LM)
Batting: RHB António López 0-0: Ball
1-0: Ground out 6-3 (Groundball, 6)
Top of the 2nd over - 0 runs, 1 hit, 0 errors, 1 left on base; Seattle 0 - Springfield 0
BOTTOM OF THE 2ND
Springfield Stars batting - Pitching for Seattle Pikes : RHP Orlando Cruz
Batting: RHB Juan Carlos Rodríguez 0-0: Ball
1-0: Ball
2-0: Foul Ball, location: 2F
2-1: Foul Ball, location: 2F
2-2: Ball
3-2: Base on Balls
Batting: RHB Gabriel Erwin 0-0: Foul Ball, location: 2F
0-1: Called Strike
0-2: Strikes out swinging
Batting: LHB Roberto Trujillo 0-0: Ball
1-0: Foul Ball, location: 2F
1-1: Ball
2-1: Ball
3-1: Base on Balls
Juan Carlos Rodríguez to second
Batting: RHB José López 0-0: Ground out 5-3 (Groundball, 56S)
Juan Carlos Rodríguez to third
Roberto Trujillo to second
Batting: RHB Norberto Taváres 0-0: Ball
1-0: Ball
2-0: Ball
3-0: Called Strike
3-1: Base on Balls
Batting: LHB Jesús Tobías 0-0: Ball
1-0: Fly out, F8 (Flyball, 8RD)
Bottom of the 2nd over - 0 runs, 0 hits, 0 errors, 3 left on base; Seattle 0 - Springfield 0
TOP OF THE 3RD
Seattle Pikes batting - Pitching for Springfield Stars : RHP Rien Middelkamp
Batting: LHB Javier Martínez 0-0: Called Strike
0-1: Ball
1-1: Foul Ball, location: 2F
1-2: Strikes out swinging
Batting: SHB George Adams 0-0: Ground out U3 (Groundball, 34)
Batting: RHB Pete Rideout 0-0: Ball
1-0: SINGLE (Line Drive, 56)
Batting: RHB Randy Sheppard 0-0: Ball
1-0: Ball
2-0: Called Strike
2-1: Swinging Strike
2-2: Foul Ball, location: 2F
2-2: Ball
3-2: Foul Ball, location: 2F
3-2: Strikes out looking
Top of the 3rd over - 0 runs, 1 hit, 0 errors, 1 left on base; Seattle 0 - Springfield 0
BOTTOM OF THE 3RD
Springfield Stars batting - Pitching for Seattle Pikes : RHP Orlando Cruz
Batting: LHB Derek Davidson 0-0: Called Strike
0-1: Ball
1-1: Ball
2-1: Ball
3-1: Base on Balls
Batting: LHB Felipe Guerrero 0-0: Ball
1-0: Foul Ball, location: 2F
1-1: Ball
2-1: SINGLE (Groundball, 5S) (infield hit)
Derek Davidson to second
Batting: LHB Elliott Newell 0-0: Ball
1-0: Foul Ball, location: 2F
1-1: Swinging Strike
1-2: Ball
2-2: Hit by Pitch
Derek Davidson to third
Felipe Guerrero to second
Batting: RHB Juan Carlos Rodríguez 0-0: Foul Ball, location: 2F
0-1: Fly out, F8 (Flyball, 78M)
Batting: RHB Gabriel Erwin 0-0: Called Strike
0-1: Swinging Strike
0-2: Grounds into double play, U5-3 (Groundball, 5L)
Bottom of the 3rd over - 0 runs, 1 hit, 0 errors, 2 left on base; Seattle 0 - Springfield 0
TOP OF THE 4TH
Seattle Pikes batting - Pitching for Springfield Stars : RHP Rien Middelkamp
Batting: LHB Roberto Lozano 0-0: Ball
1-0: Called Strike
1-1: Ball
2-1: Ball
3-1: DOUBLE (Line Drive, 9LM)
Batting: LHB John Clark 0-0: Ball
1-0: Called Strike
1-1: Foul Ball, location: 2F
1-2: Foul Ball, location: 2F
1-2: Ball
2-2: Ball
3-2: Foul Ball, location: 2F
3-2: Strikes out swinging
Batting: SHB António Hernández 0-0: Called Strike
0-1: Called Strike
0-2: Ground out 4-3 (Groundball, 34D)
Roberto Lozano to third
Batting: RHB Murai Ishihara 0-0: Foul Ball, location: 2F
0-1: Ball
1-1: Ball
2-1: Fly out, F9 (Flyball, 89D)
Top of the 4th over - 0 runs, 1 hit, 0 errors, 1 left on base; Seattle 0 - Springfield 0
BOTTOM OF THE 4TH
Springfield Stars batting - Pitching for Seattle Pikes : RHP Orlando Cruz
Batting: LHB Roberto Trujillo 0-0: Ball
1-0: Foul Ball, location: 2F
1-1: Ball
2-1: Ball
3-1: Base on Balls
Batting: RHB José López 0-0: Ball
1-0: Ball
2-0: Ball
3-0: Called Strike
3-1: Called Strike
3-2: Foul Ball, location: 2F
3-2: Foul Ball, location: 2F
3-2: Grounds into double play, 1-4-3 (Groundball, 15)
Batting: RHB Norberto Taváres 0-0: Ball
1-0: Ball
2-0: Ball
3-0: Called Strike
3-1: Foul Ball, location: 2F
3-2: Base on Balls
Batting: LHB Jesús Tobías 0-0: Foul Ball, location: 2F
0-1: Ball
1-1: Ball
2-1: TRIPLE (Line Drive, 78XD)
Norberto Taváres scores
Batting: LHB Derek Davidson 0-0: Called Strike
0-1: Foul Ball, location: 2F
0-2: Foul Ball, location: 2F
0-2: Strikes out swinging
Bottom of the 4th over - 1 run, 1 hit, 0 errors, 1 left on base; Seattle 0 - Springfield 1
TOP OF THE 5TH
Seattle Pikes batting - Pitching for Springfield Stars : RHP Rien Middelkamp
Batting: RHB António López 0-0: Called Strike
0-1: Ball
1-1: Ground out 3-1 (Groundball, 34S)
Batting: LHB Javier Martínez 0-0: Swinging Strike
0-1: Foul Ball, location: 2F
0-2: Strikes out looking
Batting: SHB George Adams 0-0: Ground out 3-1 (Groundball, 34S)
Top of the 5th over - 0 runs, 0 hits, 0 errors, 0 left on base; Seattle 0 - Springfield 1
BOTTOM OF THE 5TH
Springfield Stars batting - Pitching for Seattle Pikes : RHP Orlando Cruz
Pitching: LHP Rubén Rico
Batting: LHB Felipe Guerrero 0-0: Ball
1-0: Foul Ball, location: 2F
1-1: Ball
2-1: Swinging Strike
2-2: Ball
3-2: Fly out, F8 (Line Drive, 8LD)
Batting: LHB Elliott Newell 0-0: Ball
1-0: Ball
2-0: Ball
3-0: Called Strike
3-1: Swinging Strike
3-2: Foul Ball, location: 2F
3-2: Base on Balls
Batting: RHB Juan Carlos Rodríguez 0-0: Called Strike
0-1: Swinging Strike
0-2: Strikes out swinging
Batting: RHB Gabriel Erwin 0-0: Ball
1-0: Ball
2-0: Called Strike
2-1: Swinging Strike
2-2: Reached on error, E5 (Groundball, 5S)
Elliott Newell to third
Batting: LHB Roberto Trujillo 0-0: 3-RUN HOME RUN (Flyball, 9D), Distance : 363 ft
Batting: RHB José López 0-0: Called Strike
0-1: Ball
1-1: Ball
2-1: Ground out 6-3 (Groundball, 6)
Bottom of the 5th over - 3 runs, 1 hit, 1 error, 0 left on base; Seattle 0 - Springfield 4
TOP OF THE 6TH
Seattle Pikes batting - Pitching for Springfield Stars : RHP Rien Middelkamp
Batting: RHB Pete Rideout 0-0: Fly out, F5 (Line Drive, 56)
Batting: RHB Randy Sheppard 0-0: Swinging Strike
0-1: Foul Ball, location: 2F
0-2: Strikes out swinging
Batting: LHB Roberto Lozano 0-0: Ball
1-0: Called Strike
1-1: Called Strike
1-2: Ball
2-2: Reached on error, E4 (Groundball, 34D)
Batting: LHB John Clark 0-0: Swinging Strike
0-1: Swinging Strike
0-2: Foul Ball, location: 2F
0-2: SINGLE (Line Drive, 9S)
Roberto Lozano to third
Runner from 3rd tries for Home, throw and OUT!
Top of the 6th over - 0 runs, 1 hit, 1 error, 1 left on base; Seattle 0 - Springfield 4
BOTTOM OF THE 6TH
Springfield Stars batting - Pitching for Seattle Pikes : LHP Rubén Rico
Pitching: RHP Sixto García
Batting: RHB Norberto Taváres 0-0: Swinging Strike
0-1: Foul Ball, location: 2F
0-2: Ball
1-2: Strikes out swinging
Batting: LHB Jesús Tobías 0-0: Fly out, F5 (Popup, 56S)
Batting: LHB Derek Davidson 0-0: Ball
1-0: Ball
2-0: Ball
3-0: Called Strike
3-1: Base on Balls
Batting: LHB Felipe Guerrero 0-0: Ball
Derek Davidson is caught stealing 2nd base
Bottom of the 6th over - 0 runs, 0 hits, 0 errors, 0 left on base; Seattle 0 - Springfield 4
TOP OF THE 7TH
Seattle Pikes batting - Pitching for Springfield Stars : RHP Rien Middelkamp
Batting: SHB António Hernández 0-0: Called Strike
0-1: Called Strike
0-2: Ball
1-2: Strikes out swinging
Batting: RHB Murai Ishihara 0-0: Called Strike
0-1: Foul Ball, location: 2F
0-2: Ball
1-2: Strikes out swinging
Batting: RHB António López 0-0: Ball
1-0: Called Strike
1-1: Called Strike
1-2: Strikes out swinging
Top of the 7th over - 0 runs, 0 hits, 0 errors, 0 left on base; Seattle 0 - Springfield 4
BOTTOM OF THE 7TH
Springfield Stars batting - Pitching for Seattle Pikes : RHP Sixto García
Batting: LHB Felipe Guerrero 0-0: Called Strike
0-1: Ball
1-1: Foul Ball, location: 2F
1-2: Foul Ball, location: 2F
1-2: DOUBLE (Line Drive, 9LS)
Batting: LHB Elliott Newell 0-0: Intentional Walk
Batting: RHB Juan Carlos Rodríguez 0-0: Fly out, F7 (Flyball, 7LS)
Batting: RHB Gabriel Erwin 0-0: Ball
1-0: Fly out, F7 (Line Drive, 7D)
Pitching: LHP Jesús Martínez
Batting: LHB Roberto Trujillo 0-0: Ball
1-0: Called Strike
1-1: Ball
2-1: Ball
3-1: Called Strike
3-2: Foul Ball, location: 2F
3-2: Strikes out swinging
Bottom of the 7th over - 0 runs, 1 hit, 0 errors, 2 left on base; Seattle 0 - Springfield 4
TOP OF THE 8TH
Seattle Pikes batting - Pitching for Springfield Stars : RHP Rien Middelkamp
Batting: LHB Javier Martínez 0-0: Ball
1-0: SINGLE (Line Drive, 4D)
Batting: SHB George Adams 0-0: Called Strike
0-1: Foul Ball, location: 2F
0-2: Ball
1-2: Ball
Error on foul ball, E3
2-2: Ball
3-2: Base on Balls
Javier Martínez to second
Batting: RHB Pete Rideout 0-0: Ball
1-0: Ball
2-0: Ball
3-0: Called Strike
3-1: Base on Balls
Javier Martínez to third
George Adams to second
Pitching: RHP José Valdéz
Batting: RHB Randy Sheppard 0-0: Foul Ball, location: 2F
0-1: Foul Ball, location: 2F
0-2: Ball
1-2: Foul Ball, location: 2F
1-2: Ball
2-2: Ground out 5-3 (Groundball, 56S)
Javier Martínez scores
George Adams to third
Pete Rideout to second
Batting: LHB Roberto Lozano 0-0: Swinging Strike
0-1: Ball
1-1: Swinging Strike
1-2: SINGLE (Groundball, 56S) (infield hit)
George Adams scores
Pete Rideout to third
Batting: LHB John Clark 0-0: Ball
1-0: Ball
2-0: Ball
3-0: Base on Balls
Roberto Lozano to second
Batting: SHB António Hernández 0-0: DOUBLE (Flyball, 8RXD)
Pete Rideout scores
Roberto Lozano scores
John Clark to third
Batting: RHB Murai Ishihara 0-0: Intentional Walk
Batting: RHB António López 0-0: Called Strike
0-1: Swinging Strike
0-2: Ball
1-2: Strikes out looking
Batting: LHB Javier Martínez 0-0: Ball
1-0: SINGLE (Groundball, 34D)
John Clark scores
António Hernández to third
Murai Ishihara to second
Runner from 3rd tries for Home, throw and OUT!
Top of the 8th over - 5 runs, 4 hits, 1 error, 2 left on base; Seattle 5 - Springfield 4
BOTTOM OF THE 8TH
Springfield Stars batting - Pitching for Seattle Pikes : LHP Jesús Martínez
Pitching: RHP Orlando Ojeda
Batting: RHB José López 0-0: Called Strike
0-1: Fly out, F3 (Popup, 3SF)
Batting: RHB Norberto Taváres 0-0: Called Strike
0-1: Ground out U3 (Groundball, 34)
Batting: LHB Jesús Tobías 0-0: Ball
1-0: Ball
2-0: Ball
3-0: Called Strike
3-1: Ground out 4-3 (Groundball, 4)
Bottom of the 8th over - 0 runs, 0 hits, 0 errors, 0 left on base; Seattle 5 - Springfield 4
TOP OF THE 9TH
Seattle Pikes batting - Pitching for Springfield Stars : RHP José Valdéz
Batting: SHB George Adams 0-0: Ball
1-0: Ball
2-0: DOUBLE (Line Drive, 7LS)
Batting: RHB Pete Rideout 0-0: Swinging Strike
0-1: Swinging Strike
0-2: Strikes out swinging
Batting: RHB Randy Sheppard 0-0: Called Strike
0-1: Ball
1-1: Ground out 5-3 (Groundball, 56)
Batting: LHB Roberto Lozano 0-0: Intentional Walk
Batting: LHB John Clark 0-0: Ball
1-0: Foul Ball, location: 2F
1-1: Ball
2-1: Ball
3-1: Ground out U3 (Groundball, 3)
Top of the 9th over - 0 runs, 1 hit, 0 errors, 2 left on base; Seattle 5 - Springfield 4
BOTTOM OF THE 9TH
Springfield Stars batting - Pitching for Seattle Pikes : RHP Orlando Ojeda
Pitching: RHP Francisco Carrasco
Batting: LHB Derek Davidson 0-0: DOUBLE (Line Drive, 9LD)
Batting: LHB Felipe Guerrero 0-0: Ball
1-0: Ball
2-0: Called Strike
2-1: Swinging Strike
2-2: Strikes out swinging
Batting: LHB Elliott Newell 0-0: Called Strike
0-1: Ball
1-1: Ball
2-1: Swinging Strike
2-2: Strikes out swinging
Batting: RHB Juan Carlos Rodríguez 0-0: Ball
1-0: Ball
2-0: Ball
3-0: Called Strike
3-1: Called Strike
3-2: Fly out, F7 (Flyball, 78S)
Bottom of the 9th over - 0 runs, 1 hit, 0 errors, 1 left on base; Seattle 5 - Springfield 4
Saturday, April 7th, 2018 - OOTP Baseball 18.8 Build 76